 Dungeon Crawl Stone Soup version 0.27-a0-1228-gfd60fd639a (webtiles) character file.

Game seed: 10967550977478860153

152 dickylongcocking the Magician (level 5, -4/40 HPs)
             Began as a Djinni Fire Elementalist on June 7, 2021.
             Engulfed by a cloud of flame (8 damage)
             ... on level 2 of the Dungeon.
             The game lasted 00:03:51 (3927 turns).

dickylongcocking the Magician (DjFE)                Turns: 3927, Time: 00:03:51

Health: -4/40      AC:  3    Str:  7    XL:     5   Next: 60%
Gold:   61         EV: 12    Int: 17    God:
                   SH:  0    Dex: 14

rFire    + + .     SeeInvis .   j - +0 falchion
rCold    x . .     Faith    .   (no shield)
rNeg     . . .     Spirit   .   a - +0 robe
rPois    ∞         Reflect  .   (no helmet)
rElec    .         Harm     .   f - +0 cloak
rCorr    .         Rampage  .   (no gloves)
Will     .....                  (boots unavailable)
Stlth    ++........             (no amulet)
HPRegen  0.13/turn              (no ring)
MPRegen  0.00/turn              (no ring)

@: mighty, flying
A: sickness immunity, fire resistance 2, cold vulnerability 1, float, innate
caster, hp casting, extra vitality 1
a: no special abilities


You were on level 2 of the Dungeon.
You visited 1 branch of the dungeon, and saw 3 of its levels.

You collected 61 gold pieces.

Inventory:

Hand Weapons
 b - a +0 club
 j - a +0 falchion (weapon)
Missiles
 h - 41 stones
 m - 2 throwing nets
Armour
 a - a +0 robe (worn)
 f - a +0 cloak (worn)
 i - a +0 buckler
Jewellery
 p - an amulet of reflection
Scrolls
 c - a scroll of fog {unknown}
 e - a scroll of identify {unknown}
 l - a scroll of magic mapping {unknown}
 n - a scroll of holy word {unknown}
 q - a scroll of teleportation {unknown}
Potions
 d - a potion of might
 g - a potion of lignification {unknown}
 o - a potion of flight {unknown}


   Skills:
 * Level 2.9 Fighting
 - Level 2.4 Dodging
 - Level 1.6 Stealth
 - Level 0.4 Unarmed Combat
 * Level 3.6 Spellcasting


You couldn't memorise any spells.
You knew the following spells:

 Your Spells              Type           Power      Damage    Failure   Level
a - Foxfire               Conj/Fire      60%        2x1d7     3%          1
b - Conjure Flame         Conj/Fire      15%        6-21      11%         3
c - Inner Flame           Hex/Fire       15%        N/A       11%         3
d - Sticky Flame          Conj/Fire      15%        2d4       36%         4
e - Fireball              Conj/Fire      7%         3d5       71%         5
f - Sandblast             Erth           30%        2d9       3%          1
g - Searing Ray           Conj           30%        3d4       5%          2
Your spell library was empty.

Dungeon Overview and Level Annotations

Branches:
Dungeon (3/15)

Altars:

Annotations:
D:2 Robin


Innate Abilities, Weirdness & Mutations

You are immune to sickness and miasma.
You are immune to poison.
Your flesh is very heat resistant. (rF++)
You are vulnerable to cold. (rC-)
You float through the air rather than walking.
You learn spells naturally, not from books.
Your magical power is your life essence.
You have superior vitality. (+4 HP)


Message History

The goblin hits you with a +0 club.
Unknown command.
There is a stone staircase leading down here.
The goblin no longer looks unusually strong.
You aren't carrying any items that you can evoke.
Unknown command.
You feel better. The goblin closely misses you.
You barely miss the goblin. The goblin hits you with a +0 club.
Robin throws the goblin at you!
Unknown command.
Unknown command.
Unknown command.
Unknown command.
You completely miss the goblin. The goblin closely misses you.
Robin roars a battlecry!
The goblin goes into a battle-frenzy!
The goblin closely misses you.
You riposte.
You closely miss the goblin.
Unknown command.
Unknown command.
You hit the goblin.
The goblin explodes!
The fiery explosion engulfs you! You resist.
* * * LOW HITPOINT WARNING * * *
You are engulfed in blazing flames.
You resist.
* * * LOW HITPOINT WARNING * * *
You hear a shout!
The hobgoblin no longer looks unusually strong.
Robin roars a battlecry!
The hobgoblin goes into a battle-frenzy!
Unknown command.
Unknown command.
Unknown command.
Unknown command.
Okay, then.
Unknown command.
Okay, then.
It was a potion of might.
You feel very mighty all of a sudden.
You are engulfed in blazing flames.
You resist.
You die...

.#.#...............''##
.#)#...............#.#
..))............>###.#
.#.#.....#####.#.# #g#
.#.#...........#.###'#####
...#...........#.#.......#
.###......####.#g#.......#
.###.)....# #.#g#.......#
...[......# #.#@#.......#
........#.# #.#§#.......#
....#.#.#.####.#§#.......#
#####.#.#.#<...#.#.......#
#.#.#.######.#.......#
#............#..†....#
#######+#.########.[.....#
#...............##.......#
..............<..........#


You could see Robin and a hobgoblin (strong).

Vanquished Creatures
  Jessica (D:2)
  A gnoll (D:1)
  4 adders
  A worm (D:2)
  2 endoplasms
  5 giant cockroaches
  12 goblins
  9 hobgoblins
  6 jackals (D:1)
  2 kobolds
  6 quokkas
  7 ball pythons
  5 bats
  4 frilled lizards
  7 rats
72 creatures vanquished.

Vanquished Creatures (others)
  231 foxfires
231 creatures vanquished.

Grand Total: 303 creatures vanquished

Notes
Turn   | Place    | Note
-------+----------+-------------------------------------------
     0 | D:1      | dickylongcocking the Djinni Fire Elementalist began the
                  | quest for the Orb.
     0 | D:1      | Reached XP level 1. HP: 15/15 MP: 0/0
    66 | D:1      | Reached XP level 2. HP: 15/21 MP: 0/0
   591 | D:1      | Reached XP level 3. HP: 22/26 MP: 0/0
   591 | D:1      | Learned a level 1 spell: Sandblast
   725 | D:1      | Reached skill level 1 in Fighting
   951 | D:1      | Reached skill level 3 in Spellcasting
  1292 | D:1      | Reached XP level 4. HP: 24/33 MP: 0/0
  1766 | D:2      | Noticed Jessica
  1772 | D:2      | Killed Jessica
  2190 | D:2      | Found a faded altar of an unknown god.
  2298 | D:2      | Noticed Robin
  2304 | D:2      | Reached XP level 5. HP: 26/39 MP: 0/0
  2304 | D:2      | Learned a level 2 spell: Searing Ray
  3069 | D:1      | HP: 1/40 [hobgoblin[Robin] (6)]
  3927 | D:2      | Engulfed by a cloud of flame

Illustrated notes

Levels and vault maps discovered:
D:1:      erik_arrival_cave_to_civilisation [erik_arrival_cave_to_temple],
          layout_rooms
D:2:      layout_basic, hellmonk_ecumenical_altar_prayer_group, minmay_between,
          uniq_robin, uniq_jessica
D:3:      minmay_skewed_foursquare, layout_loops_ring, grunt_gozag_breadcrumbs

Skill      XL: |  1  2  3  4 |
---------------+-------------+-----
Fighting       | 1 2 |  2.9
Spellcasting   | 3 |  3.6
Dodging        | |  2.4
Stealth        | |  1.6
Unarmed Combat | |  0.4

Action                   |  1- 3 |  4- 6 || total
-------------------------+-------+-------++-------
Melee: Unarmed           |    12 |       ||    12
       Club              |    15 |     4 ||    19
       Falchion          |       |    22 ||    22
 Cast: Foxfire           |    68 |   101 ||   169
       Inner Flame       |     1 |     6 ||     7
       Conjure Flame     |       |     1 ||     1
  Use: Potion            |     1 |     2 ||     3
Armor: Robe              |    14 |    16 ||    30
Dodge: Dodged            |    39 |    34 ||    73
       Rpst.: Falchion   |       |     9 ||     9

Table legend: (Time is in decaauts)
 A = Elapsed time spent in this place.
 B = Non-inter-level travel time spent in this place.
 C = Inter-level travel time spent in this place.
 D = Time resting spent in this place.
 E = Time spent auto-exploring this place.
 F = Levels seen in this place.
 G = Mean time per level.
                   A        B        C        D        E       F      G
               +--------+--------+--------+--------+--------+-----+--------+
         Total |   3938 |   3794 |    144 |    791 |   2387 |   3 | 1312.7 |
       Dungeon |   3938 |   3794 |    144 |    791 |   2387 |   3 | 1312.7 |
               +--------+--------+--------+--------+--------+-----+--------+

Top non-repeatable levels by time:
     D:1: 2084 daAuts
     D:2: 1607 daAuts
     D:3: 246 daAuts
